 Dungeon Crawl Stone Soup version 0.30-a0-1160-g6e42c06 (webtiles) character file.

Game seed: 8747618060788604073

72 Dorkslayer the Covered (level 4, -1/28 HPs)
             Began as a Gargoyle Fighter on Apr 25, 2023.
             Slain by Ijyb
             ... wielding a +0 club
              (6 damage)
             ... on level 2 of the Dungeon.
             The game lasted 00:03:56 (1340 turns).

Dorkslayer the Covered (Gargoyle Fighter)           Turns: 1340, Time: 00:03:57

Health: -1/28      AC: 11    Str: 19    XL:     4   Next: 25%
Magic:  4/4        EV: 14    Int:  9    God:
Gold:   51         SH:  0    Dex: 11    Spells: 3/3 levels left

rFire   . . .        a - +0 war axe
rCold   . . .        c - +0 buckler
rNeg    + . .        b - +0 scale mail
rPois   ∞            (no helmet)
rElec   +            (no cloak)
rCorr   .            r - +0 pair of gloves
SInv    .            (no boots)
Will    .....        (no amulet) Stlth
                     h - +5 ring of evasion
HPRegen 0.24/turn    (no ring)
MPRegen 0.09/turn

%: no passive effects
@: confused, mighty
A: sickness immunity, AC +3, negative energy resistance 1, electricity
resistance, torment resistance 1, petrification resistance
a: no special abilities


You were on level 2 of the Dungeon.
You visited 1 branch of the dungeon, and saw 2 of its levels.

You collected 51 gold pieces.

Inventory:

Hand Weapons
 a - a +0 war axe (weapon)
Missiles
 n - 3 boomerangs (quivered)
Armour
 b - a +0 scale mail (worn)
 c - a +0 buckler (worn)
 r - a +0 pair of gloves (worn)
Jewellery
 h - a +5 ring of evasion (left hand)
 q - a ring of flight
Scrolls
 e - 5 scrolls of identify {unknown}
 f - a scroll of enchant armour {unknown}
 g - a scroll of immolation {unknown}
 i - a scroll of magic mapping {unknown}
 m - 2 scrolls of vulnerability {unknown}
 o - a scroll of noise {unknown}
Potions
 d - a potion of might
 j - a potion of brilliance {unknown}
 k - 2 potions of haste {unknown}
 l - a potion of lignification {unknown}
 p - a potion of berserk rage {unknown}


   Skills:
 + Level 3.6 Fighting
 + Level 2.7 Axes
 + Level 3.7 Armour
 * Level 1.4 Dodging
 + Level 3.4 Shields


You had 3 spell levels left.
You didn't know any spells.
Your spell library was empty.

Dungeon Overview and Level Annotations

Branches:
Dungeon (2/15)

Altars:

Annotations:
D:2 Ijyb


Innate Abilities, Weirdness & Mutations

You are immune to sickness and miasma.
Your stone body is resilient. (AC +3)
You are immune to poison.
You resist negative energy. (rN+)
You are resistant to electric shocks. (rElec)
You are resistant to unholy torment.
You are immune to petrification.


Message History

The goblin is moderately wounded.
You slash the goblin!
You kill the goblin!
You block the goblin's attack. The goblin misses you.
You slice the goblin!!
You kill the goblin!
You completely miss the goblin. You block the goblin's attack.
You slash the goblin!
You kill the goblin!
You barely miss the goblin. The goblin hits you but does no damage.
You barely miss the goblin.
Ijyb shouts!
You slash the goblin!
You kill the goblin!
The goblin misses you. Ijyb screams, "Me kill you!"
The goblin hits you with a +0 club.
You closely miss the goblin. The goblin misses you.
You slash the goblin!
You kill the goblin!
Ijyb zaps a wand.
The bolt of light hits you!
Items here: ))) ††.
You slash Ijyb!
Ijyb is heavily wounded.
Ijyb misses you.
You miss Ijyb.
Ijyb is heavily wounded.
Ijyb hits you with a +0 club. Ijyb screams, "I cut your head off!"
Ijyb hits you but does no damage.
You slash Ijyb!
Ijyb is almost dead.
You block Ijyb's attack.
You barely miss Ijyb.
Ijyb is almost dead.
Ijyb zaps a wand.
The bolt of light hits you!
You are confused.
* * * LOW HITPOINT WARNING * * *
Ijyb attacks as you move away! Ijyb hits you with a +0 club.
You die...

#8...g.8#
..........
#.......#
##...##.##
#8.....8# ## #.#
#.......# #####.##
..#8.....8#
#.......
#.........#
#.###.#.
#......g.#
##.###.#.
#######g##
#.>....#. ##@##
#........ ##.).##
#.####### #.....#
#.# ##...#######.#
#######.###......#
............######
#######.##### #.#
#.#


You could see Ijyb and a goblin.

Vanquished Creatures
  A gnoll (D:1)
  2 adders (D:2)
  6 endoplasms
  A giant cockroach (D:2)
  6 goblins (D:2)
  4 hobgoblins
  3 jackals (D:2)
  3 kobolds
  2 quokkas
  3 ball pythons (D:1)
  4 bats
  5 frilled lizards
  2 rats (D:1)
42 creatures vanquished.

Notes
Turn   | Place    | Note
-------+----------+-------------------------------------------
     0 | D:1      | Dorkslayer the Gargoyle Fighter began the quest for the
                  | Orb.
     0 | D:1      | Reached XP level 1. HP: 14/14 MP: 1/1
    36 | D:1      | Reached XP level 2. HP: 17/19 MP: 2/2
   595 | D:1      | Reached skill level 1 in Dodging
   595 | D:1      | Reached XP level 3. HP: 23/23 MP: 3/3
  1189 | D:2      | Reached XP level 4. HP: 28/28 MP: 4/4
  1322 | D:2      | Noticed Ijyb
  1340 | D:2      | Slain by Ijyb

Illustrated notes

Levels and vault maps discovered:
D:1:      minmay_arrival_plants_in_alcoves, layout_basic, minmay_pentomino_w4
D:2:      kennysheep_the_goblin_king, layout_loops_corners

Skill      XL: |  1  2 |
---------------+-------+-----
Axes           | 2 |  2.7
Dodging        | 1 |  1.4
Fighting       | |  3.6
Armour         | |  3.7
Shields        | |  3.4

Action                     |  1- 3 |  4- 6 || total
---------------------------+-------+-------++-------
  Melee: War axe           |   128 |    13 ||   141
    Use: Potion            |       |     1 ||     1
 Armour: Scale mail        |    88 |     3 ||    91
  Dodge: Dodged            |   104 |     5 ||   109
  Block: Buckler           |    34 |     3 ||    37

Table legend: (Time is in decaauts)
 A = Elapsed time spent in this place.
 B = Non-inter-level travel time spent in this place.
 C = Inter-level travel time spent in this place.
 D = Time resting spent in this place.
 E = Time spent auto-exploring this place.
 F = Levels seen in this place.
 G = Mean time per level.
                   A        B        C        D        E       F      G
               +--------+--------+--------+--------+--------+-----+--------+
         Total |   1400 |   1400 |      0 |      0 |    735 |   2 |  700.0 |
       Dungeon |   1400 |   1400 |      0 |      0 |    735 |   2 |  700.0 |
               +--------+--------+--------+--------+--------+-----+--------+

Top non-repeatable levels by time:
     D:1: 966 daAuts
     D:2: 434 daAuts
